Cogmind - Beta 9.1 @@@ ROGUE MODE // 2019.11.11 @ 18:59:28 Player: moep Result: Core destroyed Performance ------------- Evolutions (0) 0 Regions Visited (2) 400 Robots Destroyed (5) 25 Value Destroyed (206) 206 Prototype IDs (0) 0 Alien Tech Used (0) 0 Bonus (0) 0 TOTAL SCORE: 631 Bonus ------- None Cogmind --------- Core Integrity 0/250 Matter 167/450 Energy 250/250 System Corruption 1% Temperature Cool (0) Location -10/Mines Parts ------- Power (1) Ion Engine Propulsion (2) Compact Wheel Compact Wheel Utility (2) Small Storage Unit Large Matter Pod Weapon (2) Inventory (6) Ion Engine Ion Engine Light Nuclear Core Datajack Peak State ------------ Power Light Ion Engine Propulsion Aluminum Leg Aluminum Leg Utility Small Storage Unit Large Matter Pod Weapon EM Pulse Gun Assault Rifle Inventory Ion Engine Compact Wheel Compact Wheel Assault Rifle Datajack [Rating: 7] Favorites ----------- Power Light Ion Engine Engine Light Ion Engine Propulsion Aluminum Leg Leg Aluminum Leg Wheel Compact Wheel Utility Small Storage Unit Storage Small Storage Unit Weapon Assault Rifle Energy Gun EM Pulse Gun Ballistic Gun Assault Rifle Build | -11 -10 -10 ------- Run | Scr Mat Min Slots Evolved . | . . . Power . | . . . Propulsion . | . . . Utility . | . . . Weapon . | . . . Parts Attached 17 | 8 3 6 Power 3 | 2 . 1 Engine 3 | 2 . 1 Core . | . . . Reactor . | . . . Propulsion 7 | 2 1 4 Treads . | . . . Leg 5 | 2 1 2 Wheel 2 | . . 2 Hover . | . . . Flight . | . . . Utility 2 | 1 1 . Device . | . . . Storage 2 | 1 1 . Processor . | . . . Hackware . | . . . Protection . | . . . Artifact . | . . . Weapon 5 | 3 1 1 Energy Gun 2 | 1 . 1 Energy Cannon . | . . . Ballistic Gun 3 | 2 1 . Ballistic Cannon . | . . . Launcher . | . . . Special Weapon . | . . . Impact Weapon . | . . . Slashing Weapon . | . . . Piercing Weapon . | . . . Special Melee Weapon . | . . . Unidentified Prototypes . | . . . Parts Lost 7 | . . 7 Power 1 | . . 1 Propulsion 3 | . . 3 Utility . | . . . Weapon 3 | . . 3 Highest Loss Streak 5 | . . 5 Average Slot Usage (%) 91 | . 94 89 Engine 13 | . 14 13 Leg 25 | . 28 22 Storage 24 | . 22 28 Energy Gun 7 | . 11 1 Ballistic Gun 18 | . 16 20 Naked Turns . | . . . Heaviest Build 16 | 13 14 16 Greatest Support 32 | 20 20 32 Greatest Overweight (x) 3 | 1 . 3 Average Overweight (x) . | . . . Largest Inventory Capacity 6 | 6 6 6 Average Capacity 5 | 5 6 6 Most Carried 6 | 4 6 6 Average Carried 4 | 2 5 5 Final Capacity 6 | 6 6 6 Final Carried 6 | 4 6 4 Class Distribution -------------------- 100% | Mutant Dominant Class ---------------- Mutant | -10/Materials Mutant | -10/Mines Resources | -11 -10 -10 ----------- Run | Scr Mat Min Matter Collected 305 | 180 33 92 Remotely . | . . . Salvage Created 225 | . 33 192 Parts 11 | . 2 9 Haulers Intercepted . | . . . Recyclers Shooed . | . . . Parts Field Recycled . | . . . Retrieved Matter . | . . . Parts Self-Destructed . | . . . Prevented . | . . . Kills | -11 -10 -10 ------- Run | Scr Mat Min Combat Hostiles Destroyed 5 | . 1 4 Melee 1 | . . 1 Guns 4 | . 1 3 Classes Destroyed 1 | . 1 . Grunt 5 | . 1 4 Best Kill Streak 2 | . 1 2 Combat Bots Only 2 | . 1 2 Max Kills in Single Turn 1 | . 1 1 Gunslinging . | . . . Exploded . | . . . Melee 1 | . . 1 Uniques/NPCs Destroyed . | . . . Combat | -11 -10 -10 -------- Run | Scr Mat Min Damage Taken 955 | . 220 735 Core 254 | . 46 208 Absorbed by Shields . | . . . Core Remaining (%) 100 | 100 . . Volleys Fired 35 | . 9 26 Largest 2 | . 2 2 Hottest 60 | . 60 40 Shots Fired 59 | . 18 41 Gun 59 | . 18 41 Cannon . | . . . Launcher . | . . . Special . | . . . Kinetic 45 | . 9 36 Thermal 5 | . . 5 Explosive . | . . . Electromagnetic 9 | . 9 . Robot Hit Streak 13 | . 5 13 Robot Miss Streak 2 | . 2 1 Penetration Max . | . . . Secondary Targets . | . . . Shots Hit Robots 49 | . 14 35 Core Hits 15 | . 4 11 Critical Hits . | . . . Critical Kills . | . . . Critical Parts Destroyed . | . . . Melee Attacks . | . . . Impact . | . . . Slashing . | . . . Piercing . | . . . Sneak Attacks . | . . . Combat Hostiles . | . . . Follow-up Attacks . | . . . Damage Inflicted 575 | . 182 393 Guns 560 | . 182 378 Cannons . | . . . Explosions . | . . . Melee . | . . . Ramming 15 | . . 15 Kinetic 407 | . 84 323 Thermal 55 | . . 55 Explosive . | . . . Electromagnetic 98 | . 98 . Impact . | . . . Slashing . | . . . Piercing . | . . . Highest Corruption 1 | . . 1 Average Corruption 1 | . . 1 Corruption Purged . | . . . Overload Shots . | . . . Overflow Damage . | . . . Projectiles . | . . . Explosions . | . . . Melee . | . . . Knockbacks . | . . . Impact . | . . . Kinetic . | . . . Secondary . | . . . Self-Inflicted Damage 5 | . . 5 Shots . | . . . Rammed 11 | . . 11 Targets Rammed 11 | . . 11 Kicked . | . . . Crushed . | . . . Highest Temperature 105 | . 105 30 Average Temperature 25 | . 48 8 Received Heat Transfer 522 | . 123 399 Siege Activations . | . . . Robots Corrupted . | . . . Combat Hostiles . | . . . Parts Fried . | . . . Impact Corruptions . | . . . Robots Melted . | . . . Combat Hostiles . | . . . Parts Melted 1 | . . 1 Heat Transferred 125 | . . 125 Parts Sabotaged . | . . . Parts Stolen . | . . . Parts Stripped . | . . . Power Chain Reactions . | . . . Missiles Intercepted . | . . . Alert | -11 -10 -10 ------- Run | Scr Mat Min Peak Influence 80 | . 20 80 Average Influence 20 | . 5 49 Maximum Alert Level . | . . . Low Security (%) 100 | . . . Level 1 . | . . . Level 2 . | . . . Level 3 . | . . . Level 4 . | . . . Level 5 . | . . . High Security . | . . . Max Security . | . . . Squads Dispatched 1 | . 1 . Investigation 1 | . 1 . Extermination . | . . . Reinforcement . | . . . Assault . | . . . Garrison . | . . . Intercept . | . . . Construction Impeded . | . . . Haulers Reinforced . | . . . Stealth | -11 -10 -10 --------- Run | Scr Mat Min Distress Signals . | . . . Communications Jammed . | . . . Distress Signals . | . . . Times Spotted 7 | . 3 4 Peak Tracking Total 2 | . 2 2 Tactical Retreats 1 | . 1 . Traps | -11 -10 -10 ------- Run | Scr Mat Min Traps Triggered . | . . . Indirectly . | . . . Trap Hack Attempts . | . . . Triggered . | . . . Disarmed . | . . . Reprogrammed . | . . . Reused . | . . . Traps Extracted . | . . . Installed . | . . . Triggered . | . . . Machines | -11 -10 -10 ---------- Run | Scr Mat Min Machines Disabled 1 | . . 1 Max in Single Turn 1 | . . 1 Machines Sabotaged . | . . . Garrisons Compromised . | . . . Overloaded Fab Kills . | . . . Fab Network Shutdowns . | . . . Hacking | -11 -10 -10 --------- Run | Scr Mat Min Machines Accessed 1 | . 1 . Terminals 1 | . 1 . Fabricators . | . . . Repair Stations . | . . . Recycling Units . | . . . Scanalyzers . | . . . Garrison Access . | . . . Total Hacks 3 | . 3 . Successful 3 | . 3 . Failed . | . . . Catastrophic . | . . . Database Lockouts . | . . . Manual . | . . . Terminals 3 | . 3 . Fabricators . | . . . Repair Stations . | . . . Recycling Units . | . . . Scanalyzers . | . . . Garrison Access . | . . . Terminal Hacks 3 | . 3 . Record 3 | . 3 . Fabricator Hacks . | . . . Repair Station Hacks . | . . . Recycling Unit Hacks . | . . . Scanalyzer . | . . . Garrison Access Hacks . | . . . Unauthorized Hacks . | . . . Terminals . | . . . Fabricators . | . . . Repair Stations . | . . . Recycling Units . | . . . Scanalyzers . | . . . Garrison Access . | . . . Data Cores Recovered . | . . . Used . | . . . Hacking Detections 1 | . 1 . Full Trace Events 1 | . 1 . Feedback Events . | . . . Feedback Blocked . | . . . Robot Schematics Acquired . | . . . Robots Built . | . . . Matter . | . . . Time . | . . . Total Robot Build Rating . | . . . Part Schematics Acquired . | . . . Parts Built . | . . . Matter . | . . . Time . | . . . Total Part Build Rating . | . . . Parts Repaired . | . . . Time . | . . . Parts Recycled . | . . . Recycled Matter . | . . . Retrieved Matter . | . . . Retrieved Components . | . . . Parts Scanalyzed . | . . . Part Schematics Acquired . | . . . Parts Damaged . | . . . Bothacking | -11 -10 -10 ------------ Run | Scr Mat Min Used RIF Installer . | . . . Robots Hacked . | . . . Non-combat . | . . . Combat . | . . . Robot Hacks Applied . | . . . Relay Couplers Released . | . . . Robots Rewired . | . . . Allies Hacked . | . . . Hacks Repelled . | . . . Allies | -11 -10 -10 -------- Run | Scr Mat Min Total Allies . | . . . Largest Group . | . . . Highest-Rated Group . | . . . Highest-Rated Ally . | . . . Total Orders . | . . . Ally Attacks . | . . . Total Damage . | . . . Kills . | . . . Allies Corrupted . | . . . Allies Melted . | . . . Intel | -11 -10 -10 ------- Run | Scr Mat Min Robot Analysis Total . | . . . Derelict Logs Recovered . | . . . Drone Launches . | . . . Drone Recoveries . | . . . Exploration | -11 -10 -10 ------------- Run | Scr Mat Min Turns Passed 440 | 79 200 161 Spaces Moved 226 | 58 120 48 Core 11 | 10 . 1 Treads . | . . . Legs 214 | 48 120 46 Wheels 1 | . . 1 Hover . | . . . Flight . | . . . Fastest Speed 50 | 50 120 100 Average Speed 117 | 110 120 121 Slowest Speed 200 | 150 120 200 Overloaded Moves . | . . . Propulsion Burnouts . | . . . Robots Hopped . | . . . Cave-ins Triggered . | . . . Exploration Rate (%) 12 | 5 22 11 Regions Visited 2 Branch Regions 1 Pre-discovered Areas . | . . . Known Exits Taken . | . . . Unknown Exits Taken 2 | 1 1 . Scrap Searched . | . . . Spaces Dug . | . . . Terrain Destroyed . | . . . Melee . | . . . Projectile . | . . . AOE . | . . . Actions | -11 -10 -10 --------- Run | Scr Mat Min Total 328 | 69 157 102 Wait 33 | . 23 10 Move 224 | 57 119 48 Hop . | . . . Pick Up 7 | 4 2 1 Fast Attach 9 | 6 1 2 Attach 3 | . . 3 Detach . | . . . Swap 5 | 2 2 1 Drop 2 | . 1 1 Fire 35 | . 9 26 Melee . | . . . Ram 8 | . . 8 Kick 2 | . . 2 Crush . | . . . Escape Stasis . | . . . Rewire . | . . . Trap . | . . . Miscellaneous . | . . . Route ------- -11/Scrapyard -10/Materials -10/Mines History --------- Turn | Location | Event 23 | -11/Scrapyard | Discovered new exit (range 15) 80 | -11/Scrapyard | Entered Materials 260 | -10/Materials | Discovered new exit (range 16) 280 | -10/Materials | Entered Mines 351 | -10/Mines | Build established: Mutant 397 | -10/Mines | Core integrity fell below 50% 419 | -10/Mines | Core integrity fell below 20% 441 | -10/Mines | Core destroyed Last Messages --------------- 00392_ Assault Rifle destroyed. 00400_ Aluminum Leg destroyed. 00404_ G-47 Trooper destroyed. 00406_ Assault Rifle destroyed. 00408_ Acquired Sml. Laser. 00419_ Slammed into G-34 Mercenary. 00419_ Destabilizing: System corrupted (+1). 00421_ Slammed into G-34 Mercenary. 00422_ Aluminum Leg destroyed. 00422_ Slammed into G-34 Mercenary. 00426_ Sml. Laser destroyed. 00427_ Slammed into G-34 Mercenary. 00431_ Destabilizing: Core damaged (-10). 00438_ Slammed into G-34 Mercenary. 00439_ Destabilizing: Core damaged (-2). 00440_ Slammed into G-34 Mercenary. 00441_ Sml. Laser melted. 00441_ G-34 Mercenary destroyed. [Achievement: Fist Fight] 00441_ Destabilizing: Core damaged (-12). Map ----- +----------------------------------------------------+ | ????????????????????????????????? | | ????????????????????????????????? | | ????????????????????????????????? | | ????????????????????????????????? | | ????????????????????????????????? | | ????????????????????????????????? | | ????????????????????????????????? | | ????????????????????????????????? | | ????????????????????????????????? | | ????????????????????????????????? | | ????????????????????????????????? | | ???????????????? ?"?????????????? | | ???????????????? ????#####????? | | ????????????????? ???## ##???? | | ?????????????????# ??# #???? | | ?????????????????# ??# ##??? | | ?????????????????# ?## ##?? | | ?????????????????# ## ##? | | ?????????????????# #? | | ?????????????????# #? | | ?????????????????# #? | | ?????????????????# #?? | | ?????????????????# ##? | | ????????????????## #? | | ????????????????# #? | | ??????????# ## @ ##? | | ??????????# ????## =% ##?? | | ??????????????????????## * ##??? | | ???????????????????????### #???? | | ?????????????????????????# #???? | | ?????????????????????????#= #???? | | ???????????????????????###%!###?? | | ???????????????????????# ##? | | ???????????????????????# = T#? | | ???????????????????????# " ##? | | ???????????????????????# """ #?? | | ???????????????????????# """ #?? | | ???????????????????????# #?? | | ???????????????????????########?? | | ????????????????????????????????? | | ????????????????????????????????? | | ????????????????????????????????? | | ????????????????????????????????? | | ????????????????????????????????? | | | | | | | | | | | | | +----------------------------------------------------+ Best States ------------- Heat Dissipation 25 Energy Generation 10 Energy Capacity 250 Matter Stores 200 Matter Capacity 450 Sight Range 16 Terrain Scan Density 10 Evasion (%) 40 Item Schematics ----------------- None Robot Schematics ------------------ None Fabricated ------------ Nothing Alien Tech Used ----------------- None Achievements -------------- Fist Fight One Hack Too Far Challenges ------------ None Game ------ Seed HoverStorageFacilitator Manual? 0 Play Time 00:13:28 Cumulative 4.4 hours Start 2019.11.10 @ 16:54:19 End 2019.11.11 @ 18:59:28 Sessions 3 Manual Loads 0 Difficulty Rogue Special Mode None Game No. 14 Rogue 14 Adventurer 0 Explorer 0 Win Type - Total 0 Types 0/0/0/0/0/0/0 Lore% 1 Gallery% 7 Achievement% 3 Wizard Run 0 Options --------- ASCII 1 Keyboard 1 Movement Vi Keybinds 0 Fullscreen 2 Font 24/Proggy Map View 76x56 Tactical HUD 1 Map Filters NONE Filters NONE Steam 1 RUN: 620a9e40-7186-4cc2-a200-d2d9617740c6